 Dungeon Crawl Stone Soup version 0.14-a0-2359-g1e808ab (webtiles) character file.

867 Herrn the Charlatan (level 7, -5/64 HPs)
             Began as a Djinni Artificer on Jan 31, 2014.
             Was an Initiate of Makhleb.
             Slain by an ogre
             ... wielding a +0,+0 giant club
              (24 damage)
             ... on Level 5 of the Dungeon.
             The game lasted 00:24:07 (4454 turns).

Herrn the Charlatan (Djinni Artificer)              Turns: 4454, Time: 00:24:08

HP  -5/64        AC 10     Str 10 (11) XL: 7   Next: 30%
MP   0/0         EV  4     Int 13      God: Makhleb [......]
Gold 209         SH  0     Dex 15      Spells:  0 memorised,  6 levels left

rFire  + + +     SeeInvis .     a - +1,+0 short sword
rCold  . . .     Clarity  .     r - +0 chain mail
rNeg   + + +     Conserve .     (no shield)
rPois  .         rCorr    .     (no helmet)
rElec  .         rRot     .     l - +1 cloak
SustAb . .       Spirit   .     (no gloves)
rMut   .         Warding  .     (boots unavailable)
Saprov . . .     Stasis   .     (no amulet)
MR     .....                    t - ring of wizardry
                                h - ring of protection from cold {unknown}

@: flying, not resistant to hostile enchantments, extremely unstealthy
A: fire immunity, cold vulnerability, life protection 3
a: Renounce Religion


You were on level 5 of the Dungeon.
You worshipped Makhleb.
Makhleb was noncommittal.
You were not hungry.

You visited 1 branch of the dungeon, and saw 5 of its levels.

You collected 209 gold pieces.

Inventory:

Hand weapons
 a - a +1,+0 short sword (weapon)
 q - a +0,+0 long sword
 u - a -1,+2 orcish battleaxe of flaming
Armour
 l - a +1 cloak (worn)
 r - a +0 chain mail (worn)
Magical devices
 b - a wand of flame (0)
 c - a wand of enslavement (8)
 d - a wand of random effects (10)
 p - a wand of random effects (7)
 v - a wand of lightning (0)
Scrolls
 e - a scroll of fear
 f - a scroll of fog {unknown}
 g - 4 scrolls of identify
 j - a scroll of immolation {unknown}
 k - a scroll of blinking
 m - a scroll of noise {unknown}
 n - a scroll of enchant armour {unknown}
Jewellery
 h - a ring of protection from cold (left hand) {unknown}
 t - a ring of wizardry (right hand)
Potions
 i - a potion of curing
 o - 2 potions of agility {unknown}
 s - a potion of might
 w - a potion of invisibility {unknown}


   Skills:
 * Level 5.4 Fighting
 - Level 0.7 Short Blades
 * Level 3.1 Long Blades
 - Level 1.7 Dodging
 - Level 0.7 Stealth
 - Level 6.0 Evocations


You had 6 spell levels left.
You didn't know any spells.

Dungeon Overview and Level Annotations

Branches:
Dungeon (5/16)
 Temple: D:4-7

Altars:
Dithmengos
Makhleb
Sif Muna
Yredelemnul

Shops:
D:4 (


Innate Abilities, Weirdness & Mutations

You are immune to all types of fire, even holy and hellish.
You are vulnerable to cold.
You need no food.
You have no legs.
You are immune to negative energy.


Message History

You hear a mighty clap of thunder!
The bolt of lightning hits the ogre.
The ogre is severely wounded.
This wand has 0 charges left.
You hit the ogre but do no damage.
The ogre is severely wounded.
The ogre hits you but does no damage.
Your chain mail prevents you from hitting the ogre.
The ogre is severely wounded.
The ogre hits you with a giant club!
* * * LOW HITPOINT WARNING * * *
You hit the ogre but do no damage.
The ogre is severely wounded.
The ogre hits you but does no damage.
You completely miss the ogre.
The ogre is severely wounded.
You hit the ogre.
The ogre is severely wounded.
The ogre hits you with a giant club!
You die...

........# #...# ######..#
#...# #..# #...# #..# #...#
#..# #...# ######[.# #...#
........###########...######
..).........................
##..............@O..........
#...##############.........
#...# #......... #...#
#......... #...# #.........
#...# #........ #..(.
......... ..... .......?.
.... ..#######


You could see an ogre.

Vanquished Creatures
  Sigmund (D:3)
  A giant frog (D:5)
  Blork the orc (D:5)
  A quasit (D:4)
  A crimson imp (D:5)
  A hound (D:3)
  An iguana (D:5)
  A centaur skeleton (D:4)
  An orc wizard (D:3)
  3 worker ants
  Jessica (D:2)
  6 gnolls
  2 adders
  A worm (D:4)
  2 giant mites
  A giant gecko (D:2)
  3 oozes
  8 orcs
  A giant cockroach (D:2)
  9 goblins
  13 hobgoblins
  11 jackals
  4 kobolds
  5 quokkas
  11 bats
  A giant newt skeleton (D:4)
  A kobold zombie (D:5)
  10 rats
  A rat skeleton (D:5)
103 creatures vanquished.

Vanquished Creatures (collateral kills)
  4 gnolls (D:4)
  2 orcs (D:4)
  2 jackals (D:4)
8 creatures vanquished.

Grand Total: 111 creatures vanquished

Notes
Turn   | Place    | Note
--------------------------------------------------------------
     0 | D:1      | Herrn, the Djinni Artificer, began the quest for the Orb.
     0 | D:1      | Reached XP level 1. HP: 13/13 MP: 0/0
    47 | D:1      | Reached skill level 1 in Fighting
   409 | D:1      | Reached XP level 2. EP: 22/22
   713 | D:2      | Reached XP level 3. EP: 6/28
  1135 | D:2      | Reached skill level 1 in Long Blades
  1176 | D:2      | Noticed Jessica
  1203 | D:2      | Killed Jessica
  1203 | D:2      | Reached skill level 4 in Evocations
  1346 | D:3      | Reached XP level 4. EP: 36/36
  1595 | D:3      | Noticed Sigmund
  1612 | D:3      | Killed Sigmund
  1612 | D:3      | Reached skill level 5 in Evocations
  1612 | D:3      | Reached XP level 5. EP: 18/45
  1902 | D:3      | HP: 2/45 [orc wizard/magic dart (3)]
  1990 | D:3      | Found a basalt altar of Yredelemnul.
  1991 | D:3      | Found a shadowy altar of Dithmengos.
  2445 | D:4      | Reached XP level 6. EP: 21/54
  2881 | D:4      | Found Mam Uga's Antique Weapon Shoppe.
  3139 | D:4      | Reached skill level 6 in Evocations
  3342 | D:4      | Found a deep blue altar of Sif Muna.
  3519 | D:5      | Entered Level 5 of the Dungeon
  3715 | D:5      | Found a burning altar of Makhleb.
  3748 | D:5      | Became a worshipper of Makhleb the Destroyer
  4068 | D:5      | Reached XP level 7. EP: 61/63
  4299 | D:5      | Noticed Blork the orc
  4307 | D:5      | Killed Blork the orc
  4307 | D:5      | Reached skill level 5 in Fighting
  4454 | D:5      | Slain by an ogre

Action                   |  1- 3 |  4- 6 |  7- 9 || total
-------------------------+-------+-------+-------++-------
Melee: Short sword       |   124 |   490 |    70 ||   684
Evoke: Wand              |    15 |    12 |     8 ||    35
  Use: Scroll            |       |     7 |     1 ||     8
       Potion            |       |     4 |       ||     4
